 Dungeon Crawl Stone Soup version 0.23-a0-398-g8eab93fbe2 (webtiles) character file.

205338 Notair the Warrior (level 18, -1/180 HPs)
             Began as a Minotaur Gladiator on Nov 3, 2018.
             Was the Champion of Okawaru.
             Succumbed to a merfolk impaler's poison
             ... on level 3 of the Shoals.
             The game lasted 03:24:37 (45324 turns).

Notair the Warrior (Minotaur Gladiator)            Turns: 45324, Time: 03:24:38

Health: -1/180     AC: 31    Str: 28    XL:     18   Next: 3%
Magic:  10/22      EV: 11    Int:  5    God:    Okawaru [******]
Gold:   2461       SH:  0    Dex: 14    Spells: 17/17 levels left

rFire    + . .     SeeInvis .   i - +4 executioner's axe (flame)
rCold    + + .     Gourm    .   (shield currently unavailable)
rNeg     . . .     Faith    .   W - +2 crystal plate armour
rPois    +         Spirit   +   c - +0 hat
rElec    +         Reflect  .   g - scarf {Spirit}
rCorr    +         Harm     .   (no gloves)
MR       +....                  j - +2 pair of boots {run}
Stlth    ..........             n - amulet of magic regeneration
HPRegen  0.40/turn              y - ring of Gexos {+Fly rElec Str+3}
MPRegen  0.43/turn              q - ring of protection from cold

@: lethally poisoned (-1 -> -23), resistant, berserk cooldown, slowed, very slow
A: retaliatory headbutt, horns 2
}: 1/15 runes: serpentine
a: Heroism, Finesse, Renounce Religion, Evoke Flight


You were on level 3 of the Shoals.
You worshipped Okawaru.
Okawaru was exalted by your worship.
You were not hungry.

You visited 6 branches of the dungeon, and saw 31 of its levels.
You visited the Abyss 1 time.
You visited 1 bazaar.
You also visited: Sewer.

You collected 3153 gold pieces.
You spent 692 gold pieces at shops.

Inventory:

Hand Weapons
 a - a +2 battleaxe of flaming
 i - a +4 executioner's axe of flaming (weapon)
 E - the +7 executioner's axe of the Hawk {vamp, *Rage rElec MR+ SInv}
   (You acquired it on level 6 of the Lair of Beasts)

   It inflicts no extra harm, but heals its wielder when it wounds a living foe.
   It insulates you from electricity.
   It affects your resistance to hostile enchantments.
   It lets you see invisible.
   It may make you go berserk in combat.
Missiles
 s - 363 bolts
 R - 2 throwing nets (quivered)
Armour
 c - a +0 hat (worn)
 g - a scarf of spirit shield (worn)
 j - a +2 pair of boots of running (worn)
 W - a +2 crystal plate armour (worn)
Jewellery
 d - an uncursed ring of poison resistance
 n - an amulet of magic regeneration (around neck)
 q - a ring of protection from cold (right hand)
 y - the ring of Gexos (left hand) {+Fly rElec Str+3}
   (You found it on level 11 of the Dungeon)

   [ring of flight]

   It affects your strength (+3).
   It insulates you from electricity.
   It lets you fly.
 K - an uncursed ring of positive energy
 O - an uncursed ring of flight
Wands
 k - a wand of paralysis (22)
 l - a wand of polymorph (20)
 A - a wand of digging (4)
 C - a wand of acid (32)
 F - a wand of enslavement (11)
 Q - a wand of flame (8)
 T - a wand of disintegration (14)
 Y - a wand of iceblast (28)
Scrolls
 o - 16 scrolls of teleportation
 t - 6 scrolls of blinking
 x - a scroll of silence
 B - 13 scrolls of remove curse
 D - 2 scrolls of fear
 H - 4 scrolls of fog
 L - a scroll of holy word
 P - a scroll of magic mapping
 U - 6 scrolls of enchant armour
 V - 5 scrolls of identify
 Z - a scroll of vulnerability
Potions
 h - a potion of invisibility
 m - 7 potions of agility
 u - 6 potions of haste
 v - 4 potions of lignification
 w - 2 potions of cancellation
 z - 3 potions of resistance
 G - 2 potions of might
 I - 5 potions of flight
 J - 3 potions of mutation
Miscellaneous
 b - a lamp of fire (inert)
 S - a lightning rod (4/4)
Comestibles
 f - 37 rations
 r - 4 chunks of flesh


   Skills:
 + Level 20.5 Fighting
 + Level 20.3 Axes
 - Level 2.0 Throwing
 + Level 18.1 Armour
 + Level 9.9 Dodging
 - Level 7.0 Invocations
 + Level 7.6 Evocations


You had 17 spell levels left.
You didn't know any spells.
Your spell library contained the following spells:

 Spells                   Type           Power        Failure   Level  Hunger
 Animate Skeleton         Necr           N/A          100%        1    ##.....
 Apportation              Tloc           #.....       100%        1    ##.....
 Beastly Appendage        Tmut           #.....       100%        1    ##.....
 Magic Dart               Conj           #...         100%        1    ##.....
 Pain                     Necr           #...         100%        1    ##.....
 Shock                    Conj/Air       #...         100%        1    ##.....
 Summon Small Mammal      Summ           #...         100%        1    ##.....
 Call Imp                 Summ           #.......     100%        2    ###....
 Corpse Rot               Necr           N/A          100%        2    ###....
 Searing Ray              Conj           #.....       100%        2    ###....
 Sticks to Snakes         Tmut           #.......     100%        2    ###....
 Sublimation of Blood     Necr           #.........   100%        2    ###....
 Call Canine Familiar     Summ           #.......     100%        3    ####...
 Dazzling Spray           Conj/Hex       #.....       100%        3    ####...
 Portal Projectile        Hex/Tloc       #.....       100%        3    ####...
 Regeneration             Chrm/Necr      #.........   100%        3    ####...
 Spider Form              Tmut/Pois      #.........   100%        3    ####...
 Summon Guardian Golem    Hex/Summ       #.......     100%        3    ####...
 Vampiric Draining        Necr           #.........   100%        3    ####...
 Animate Dead             Necr           N/A          100%        4    #####..
 Cause Fear               Hex            #.........   100%        4    #####..
 Force Lance              Conj/Tloc      #.......     100%        4    #####..
 Fulminant Prism          Conj/Hex       #.........   100%        4    #####..
 Ice Form                 Ice/Tmut       #.......     100%        4    #####..
 Iskenderun's Mystic Bla  Conj           #.......     100%        4    #####..
 Summon Ice Beast         Ice/Summ       #.......     100%        4    #####..
 Summon Lightning Spire   Summ/Air       #.......     100%        4    #####..
 Agony                    Necr           #.......     100%        5    ######.
 Blade Hands              Tmut           #.........   100%        5    ######.
 Bolt of Draining         Conj/Necr      #.........   100%        5    ######.
 Dispel Undead            Necr           #.......     100%        5    ######.
 Excruciating Wounds      Chrm/Necr      #.........   100%        5    ######.
 Silence                  Hex/Air        #.........   100%        5    ######.
 Yara's Violent Unravell  Hex/Tmut       #.........   100%        5    ######.
 Conjure Ball Lightning   Conj/Air       #.........   100%        6    #######
 Deflect Missiles         Chrm/Air       #.........   100%        6    #######
 Discord                  Hex            #.........   100%        8    #######


Dungeon Overview and Level Annotations

Branches:
Dungeon (15/15)            Temple (1/1) D:5            Lair (6/6) D:11
 Shoals (3/4) Lair:3        Snake (4/4) Lair:2        Slime (0/5) Lair:5
    Orc (2/2) D:11            Elf (0/3) Orc:2        Vaults (0/5) D:14
 Depths (0/5) D:15

Altars:
Ashenzari
Cheibriados
Dithmenos
Elyvilon
Fedhas
Hepliaklqana
Kikubaaqudgha
Makhleb
Nemelex Xobeh
Okawaru
Qazlal
Ru
Trog
Uskayaw
Vehumet
Wu Jian
Xom
Yredelemnul
Zin
The Shining One
Beogh

Shops:
D:5 *   D:7 =   D:11 %}   Orc:2 ([(*:   Shoals:1 }   Shoals:2 [:*:   Snake:1 (

Annotations:
Lair:2 exclusion: 4 oklob plants


Innate Abilities, Weirdness & Mutations

You reflexively headbutt those who attack you in melee.
You have a pair of horns on your head.


Message History

You swing at nothing.
You feel a strong urge to attack something.
* * * LOW HITPOINT WARNING * * *
You feel sick.
You swing at nothing.
* * * LOW HITPOINT WARNING * * *
You feel sick.
You swing at nothing.
You feel your anger nearly subside.
* * * LOW HITPOINT WARNING * * *
You feel sick.
You swing at nothing.
You are no longer berserk.
You are exhausted.
You feel yourself slow down.
* * * LOW HITPOINT WARNING * * *
You feel sick.
Okay, then.
You feel protected.
You die...

###############
≈≈≈≈≈≈≈≈≈≈≈≈≈≈≈
≈≈≈≈≈≈≈≈≈≈≈≈≈≈≈
≈≈≈≈≈≈≈≈≈≈≈≈≈≈≈≈≈≈≈≈≈≈≈
≈≈≈≈≈≈≈≈≈≈≈≈≈≈≈≈≈≈≈≈≈≈≈≈
≈≈≈≈≈≈≈≈≈≈≈≈≈≈≈≈≈≈≈≈≈≈≈≈
≈≈≈≈≈≈≈≈≈≈≈≈≈≈≈≈≈≈≈.≈≈≈≈
≈≈≈≈≈..≈≈≈≈≈≈≈≈≈@...≈≈≈≈
≈≈≈≈≈.....≈≈≈≈≈≈.§.....≈
≈≈≈≈.......≈≈≈≈..).....≈
.....##....≈.......§#...
....###...≈≈.......§....
....#.....≈...≈≈≈≈..§...
....#..........≈≈....§.≈
...P....≈≈≈....≈≈≈.?..§≈
..†P..PP≈≈≈≈...≈≈....≈≈≈


There were no monsters in sight!

Vanquished Creatures
  Vashnia (Snake:4)
  Nikola (Snake:1)
  The ghost of Rudiyha the Executioner, an adept MiBe of Trog (Snake:2)
  A tentacled starspawn (Abyss:3)
  Kirke (Lair:5)
  13 nagarajas
  A fire giant (D:15)
  Louise (Snake:4)
  A deep elf elementalist (Abyss:3)
  6 dire elephants (Lair:6)
  Azrael (D:15)
  An ettin (Orc:1)
  Erolcha (D:13)
  An eidolon (Abyss:3)
  2 merfolk javelineers
  2 merfolk impalers (Shoals:3)
  5 hydras
  A fire dragon (D:14)
  10 naga warriors
  8 anacondas
  5 merfolk avatars
  4 centaur warriors
  2 catoblepae
  2 satyrs (Shoals:3)
  2 dancing weapons (D:14)
  6 death yaks (Lair:6)
  3 orc high priests (Orc:2)
  7 shock serpents
  11 naga sharpshooters
  Urug (D:13)
  2 salamander mystics
  A wretched star (Abyss:3)
  Nergalle (Orc:1)
  3 skeletal warriors (D:14)
  6 sea snakes
  2 unseen horrors
  3 naga ritualists
  Pikel (D:4)
  7 harpies (Shoals:2)
  5 orc knights
  3 mana vipers
  4 orc sorcerers
  9 salamanders
  8 manticores
  3 cyclopes
  25 black mambas
  13 ugly things
  13 fauns
  5 merfolk sirens
  2 water nymphs
  5 elephants
  18 naga magi
  2 smoke demons (Abyss:3)
  A gargoyle (D:15)
  9 spiny frogs
  16 guardian serpents (Snake:4)
  2 rime drakes
  Psyche (D:9)
  10 komodo dragons
  A freezing wraith (Abyss:3)
  An efreet (Abyss:3)
  A hellwing (Abyss:3)
  2 tengu conjurers (D:13)
  15 merfolk
  7 trolls
  A jumping spider (shapeshifter) (D:14)
  Grinder (D:6)
  4 wind drakes
  4 raiju (Abyss:3)
  A hippogriff (shapeshifter) (D:14)
  Prince Ribbit (D:6)
  8 blink frogs
  A hornet (D:11)
  13 dream sheep
  A snapping turtle (Shoals:3)
  17 slime creatures
  13 hippogriffs
  A meliai zombie (D:15)
  An ettin skeleton (Abyss:3)
  A ynoxinul (Abyss:3)
  Sigmund (D:5)
  A shadow (D:15)
  14 starcursed masses (Abyss:3)
  A wraith (D:15)
  3 naga simulacra (Snake:2)
  4 water elementals (Shoals:1)
  5 wyverns
  3 large abominations (Abyss:3)
  2 spectral black mambas (Snake:2)
  A yak (shapeshifter) (D:14)
  Eustachio (D:4)
  4 fire elementals (D:15)
  3 steam dragons
  A vampire (D:13)
  4 hogs
  41 yaks
  2 fire bats (Lair:2)
  A neqoxec (Abyss:3)
  A hungry ghost (D:9)
  2 vampire mosquitoes (D:15)
  2 basilisks
  Menkaure (D:5)
  Edmund (D:5)
  5 wargs
  An acid dragon (D:12)
  A soldier ant (D:13)
  36 nagas
  19 water moccasins
  2 hell hounds
  10 porcupines
  Purgy (Sewer)
  4 ice beasts
  28 orc warriors
  A black bear (D:12)
  A phantom (D:12)
  Duvessa (D:6)
  2 slaves (D:4)
  2 black mamba simulacra (Snake:2)
  4 sky beasts
  A hornet zombie (D:8)
  A necrophage (D:6)
  16 centaurs
  11 ogres
  A snapping turtle skeleton (Abyss:3)
  9 wolves
  2 small abominations (Abyss:3)
  14 crocodiles
  4 big kobolds
  19 bullfrogs
  3 scorpions
  A spectral naga (Snake:2)
  Dowan (D:6)
  An electric eel (Lair:1)
  16 wights
  3 crimson imps
  2 salamander simulacra (Snake:2)
  2 centaur zombies
  26 orc priests
  5 centaur skeletons
  5 hounds
  6 jellies
  3 iguanas
  7 worker ants
  34 orc wizards
  A hound skeleton (D:6)
  A worker ant zombie (D:6)
  Robin (D:4)
  8 gnolls
  16 adders
  A shadow imp (D:7)
  A white imp (Abyss:3)
  An ufetubus (Abyss:3)
  13 oozes
  An adder skeleton (D:6)
  An adder zombie (D:7)
  6 worms
  5 dart slugs
  3 leopard geckos
  116 orcs
  2 ball pythons
  13 giant cockroaches
  13 goblins
  15 hobgoblins
  A jackal (D:4)
  3 quokkas
  8 bats
  6 frilled lizards
  23 kobolds
  2 leopard gecko skeletons
  A quokka skeleton (D:5)
  13 rats
  A fungus (Lair:2)
  5 plants
1068 creatures vanquished.

Vanquished Creatures (others)
  2 anacondas
  A naga warrior (Snake:1)
  2 naga sharpshooters
  2 salamanders (Snake:1)
  A naga (Snake:1)
  A slave (D:4)
  A phantom (D:4)
  An orc priest (Orc:2)
  An orc wizard (Orc:1)
  A shadow imp (D:14)
  An ooze (Lair:5)
  An orc (D:4)
  A jackal (D:4)
  A frilled lizard (D:4)
  3 fungi
  9 plants
  5 starspawn tentacles (Abyss:3)
  4 tentacles (Abyss:3)
  7 toadstools (D:2)
45 creatures vanquished.

Grand Total: 1113 creatures vanquished

Notes
Turn   | Place    | Note
-------+----------+-------------------------------------------
     0 | D:1      | Notair the Minotaur Gladiator began the quest for the Orb.
     0 | D:1      | Reached XP level 1. HP: 18/18 MP: 0/0
   127 | D:1      | Reached XP level 2. HP: 22/25 MP: 1/1
   736 | D:2      | Reached XP level 3. HP: 27/31 MP: 2/2
   998 | D:2      | Reached skill level 5 in Axes
  1163 | D:2      | Reached XP level 4. HP: 28/38 MP: 3/3
  1670 | D:2      | Reached XP level 5. HP: 37/46 MP: 4/4
  2025 | D:2      | Found a snail-covered altar of Cheibriados.
  2619 | D:2      | Found a snail-covered altar of Cheibriados.
  2802 | D:3      | Reached XP level 6. HP: 29/55 MP: 5/5
  3236 | D:3      | Reached skill level 5 in Fighting
  3569 | D:4      | Noticed Robin
  3713 | D:4      | Killed Robin
  3838 | D:4      | Noticed a slave
  3838 | D:4      | Noticed a slave
  3839 | D:4      | Noticed a slave
  3840 | D:4      | Noticed Pikel
  3844 | D:4      | Noticed a slave
  3852 | D:4      | Killed a slave
  3852 | D:4      | Killed a slave
  3864 | D:4      | Killed Pikel
  3864 | D:4      | Reached XP level 7. HP: 18/64 MP: 6/6
  3966 | D:4      | Reached XP level 8. HP: 43/71 MP: 7/7
  4052 | D:4      | Noticed Eustachio
  4068 | D:4      | Killed Eustachio
  4068 | D:4      | Reached skill level 10 in Axes
  4331 | D:5      | Entered Level 5 of the Dungeon
  4408 | D:5      | Noticed Menkaure
  4916 | D:5      | Found a staircase to the Ecumenical Temple.
  4920 | D:5      | Noticed Sigmund
  4922 | Temple   | Entered the Ecumenical Temple
  4970 | Temple   | Became a worshipper of Warmaster Okawaru
  5349 | D:5      | Killed Sigmund
  5544 | D:5      | Noticed Edmund
  5555 | D:5      | Killed Edmund
  5555 | D:5      | Reached * piety under Okawaru
  5806 | D:5      | Killed Menkaure
  5806 | D:5      | Reached XP level 9. HP: 82/82 MP: 8/8
  6079 | D:5      | Found Ygroemoq's Serpentskin Sales.
  6298 | D:6      | Found a basalt altar of Yredelemnul.
  6330 | D:6      | Found a burning altar of Makhleb.
  6517 | D:6      | Found a glowing drain.
  6528 | Sewer    | Entered a sewer
  6632 | Sewer    | Noticed Purgy
  6638 | Sewer    | Killed Purgy
  6820 | D:6      | Noticed Prince Ribbit
  6832 | D:6      | Killed Prince Ribbit
  7076 | D:6      | Noticed Grinder
  7079 | D:6      | Noticed Dowan
  7090 | D:6      | Killed Dowan
  7090 | D:6      | Reached ** piety under Okawaru
  7096 | D:6      | Noticed Duvessa
  7097 | D:6      | Killed Grinder
  7108 | D:6      | Killed Duvessa
  7859 | D:7      | Found Tityiseb's Jewellery Shop.
  8020 | D:7      | Found a shattered altar of Ashenzari.
  8214 | D:7      | Found a shimmering altar of Xom.
  8490 | D:7      | Reached skill level 10 in Fighting
  9290 | D:8      | Noticed a three-headed hydra
  9294 | D:8      | Reached *** piety under Okawaru
  9294 | D:8      | Reached XP level 10. HP: 93/93 MP: 9/9
  9314 | D:8      | Killed a three-headed hydra
  9723 | D:8      | Reached **** piety under Okawaru
 10516 | D:8      | Received a gift from Okawaru
 10516 | D:8      | Reached skill level 15 in Axes
 10744 | D:8      | Found a hazy altar of Hepliaklqana.
 11331 | D:9      | Noticed Psyche
 11341 | D:9      | Killed Psyche
 11633 | D:9      | Reached ***** piety under Okawaru
 11820 | D:9      | Reached skill level 1 in Armour
 11820 | D:9      | Reached XP level 11. HP: 95/104 MP: 10/10
 12128 | D:10     | Entered Level 10 of the Dungeon
 12764 | D:10     | Received a gift from Okawaru
 13086 | D:11     | Found Viuminoa's Gadget Shoppe.
 13197 | D:11     | Got a pitted gossamer ring
 13207 | D:11     | Identified the ring of Gexos {+Fly rElec Str+3} (You found
                  | it on level 11 of the Dungeon)
 13536 | D:11     | Noticed a red ugly thing
 13554 | D:11     | Killed a red ugly thing
 13703 | D:11     | Found a blossoming altar of Fedhas.
 13715 | D:11     | Noticed a green ugly thing
 13723 | D:11     | Killed a green ugly thing
 13742 | D:11     | Found a staircase to the Lair.
 13948 | D:11     | Found Potil's Food Boutique.
 14052 | D:11     | Found a staircase to the Orcish Mines.
 14381 | D:12     | Noticed a red ugly thing
 14392 | D:11     | Killed a red ugly thing
 14867 | D:12     | Reached skill level 5 in Armour
 15536 | D:13     | Noticed a white ugly thing
 15542 | D:13     | Killed a white ugly thing
 15567 | D:13     | Noticed a five-headed hydra
 15577 | D:13     | Killed a five-headed hydra
 15577 | D:13     | Received a gift from Okawaru
 15582 | D:13     | Got a faintly glowing chain mail {god gift}
 15599 | D:13     | Noticed a red ugly thing
 15607 | D:13     | Killed a red ugly thing
 15756 | D:13     | Noticed a centaur warrior
 15763 | D:13     | Killed a centaur warrior
 15763 | D:13     | Reached XP level 12. HP: 87/115 MP: 8/11
 16221 | D:13     | Noticed Erolcha
 16226 | D:13     | Killed Erolcha
 17148 | D:13     | Noticed Urug
 17157 | D:13     | Killed Urug
 17383 | D:14     | Received a gift from Okawaru
 17561 | D:14     | Found a gate to the Vaults.
 17803 | D:14     | Noticed a centaur warrior
 17810 | D:14     | Killed a centaur warrior
 17810 | D:14     | Reached XP level 13. HP: 99/124 MP: 10/12
 18241 | D:14     | Noticed a fire dragon
 18247 | D:14     | Killed a fire dragon
 18290 | D:14     | Found a glowing golden altar of the Shining One.
 18770 | D:14     | Received a gift from Okawaru
 18887 | D:15     | Entered Level 15 of the Dungeon
 19146 | D:15     | Noticed a fire giant
 19163 | D:15     | Killed a fire giant
 19177 | D:15     | Found a staircase to the Depths.
 19261 | D:15     | Reached skill level 10 in Armour
 19285 | D:15     | Noticed Azrael
 19634 | D:15     | Killed Azrael
 20173 | D:15     | Reached skill level 15 in Fighting
 20196 | D:15     | Reached skill level 1 in Invocations
 21117 | Lair:1   | Entered Level 1 of the Lair of Beasts
 21228 | Lair:1   | Received a gift from Okawaru
 21590 | Lair:1   | Reached XP level 14. HP: 116/135 MP: 13/15
 21643 | Lair:1   | Found a glowing golden altar of the Shining One.
 22002 | Lair:2   | Found a staircase to the Snake Pit.
 23339 | Lair:2   | Found the +8 whip "Snakebite" {curare, rPois}
 23683 | Lair:3   | Received a gift from Okawaru
 23749 | Lair:3   | Found a staircase to the Shoals.
 24072 | Lair:3   | Reached skill level 5 in Invocations
 24873 | Lair:4   | Identified the +4 chain mail of Lecsuoh {Stlth+} (Okawaru
                  | gifted it to you on level 13 of the Dungeon)
 25684 | Lair:5   | Found a staircase to the Slime Pits.
 25781 | Lair:5   | Noticed Kirke
 26127 | Lair:5   | Killed Kirke
 26318 | Lair:6   | Entered Level 6 of the Lair of Beasts
 26331 | Lair:6   | Reached ****** piety under Okawaru
 26810 | Lair:6   | Received a gift from Okawaru
 27298 | Lair:6   | Reached XP level 15. HP: 124/146 MP: 16/19
 28013 | Lair:6   | Identified a scroll of acquirement
 28017 | Lair:6   | Identified the +7 executioner's axe of the Hawk {vamp,
                  | *Rage rElec MR+ SInv} (You acquired it on level 6 of the
                  | Lair of Beasts)
 28263 | Orc:1    | Entered Level 1 of the Orcish Mines
 28415 | Orc:1    | Found a roughly hewn altar of Beogh.
 28519 | Orc:1    | Received a gift from Okawaru
 28524 | Orc:1    | Noticed Nergalle
 28539 | Orc:1    | Killed Nergalle
 29179 | Orc:2    | Entered Level 2 of the Orcish Mines
 29584 | Orc:2    | Found Gaer's Antique Weapon Shop.
 29736 | Orc:2    | Found a staircase to the Elven Halls.
 30291 | Orc:2    | Found Fipommufuf's Assorted Antiques.
 30291 | Orc:2    | Found Jabbups's Book Boutique.
 30302 | Orc:2    | Found Pelor's Antique Armour Shoppe.
 30302 | Orc:2    | Found Naxtis's Weapon Boutique.
 30515 | Snake:1  | Entered Level 1 of the Snake Pit
 30515 | Snake:1  | Noticed Nikola
 30662 | Snake:1  | HP: 7/149 [naga mage/poison arrow (5)]
 31073 | Snake:1  | Reached skill level 15 in Armour
 31786 | Lair:2   | HP: 7/150 [poisoned by a naga (splash of poison)]
 31791 | Lair:2   | HP: 7/150 [poisoned by a naga (splash of poison)]
 32587 | Snake:1  | Killed Nikola
 32990 | Snake:1  | Found Rutiala's Weapon Shop.
 33061 | Snake:2  | Received a gift from Okawaru
 33070 | Snake:1  | HP: 5/150 [poisoned by a salamander]
 33562 | D:7      | Bought an uncursed ring of poison resistance for 220 gold
                  | pieces
 34178 | Snake:2  | Reached XP level 16. HP: 138/159 MP: 18/20
 34620 | Snake:2  | Received a gift from Okawaru
 34620 | Snake:2  | Reached skill level 1 in Evocations
 34633 | Snake:2  | Found a runed gate.
 34633 | Snake:2  | Found a runed gate.
 34634 | Snake:2  | Found a runed gate.
 35043 | Snake:2  | Noticed Rudiyha's ghost (adept MiBe)
 35177 | Snake:2  | Killed Rudiyha's ghost
 35177 | Snake:2  | Received a gift from Okawaru
 35229 | Snake:2  | Identified the Tome of Air and the Traveller
 35439 | Snake:3  | Found a sacrificial altar of Ru.
 35669 | Snake:3  | Received a gift from Okawaru
 35673 | Snake:3  | Reached skill level 5 in Dodging
 36176 | Snake:3  | Received a gift from Okawaru
 36298 | Snake:4  | Entered Level 4 of the Snake Pit
 38182 | Snake:4  | Noticed Louise
 38227 | Snake:4  | Noticed Vashnia
 38268 | Snake:4  | Received a gift from Okawaru
 38268 | Snake:4  | Reached skill level 5 in Evocations
 38269 | Snake:4  | Got a pair of spiked gloves {god gift}
 38576 | Snake:3  | Identified the +0 pair of gloves of Miracles {*Drain rF++
                  | rN++} (Okawaru gifted it to you on level 4 of the Snake
                  | Pit)
 38594 | Snake:4  | Killed Vashnia
 38594 | Snake:4  | Reached XP level 17. HP: 170/170 MP: 16/21
 38622 | Snake:4  | Cast into level 3 of the Abyss (Louise)
 38848 | Abyss:3  | Noticed a kraken
 39176 | Abyss:3  | Paralysed by accursed screaming for 1 turns
 39182 | Abyss:3  | Paralysed by accursed screaming for 1 turns
 39195 | Abyss:3  | HP: 4/170 [starcursed mass/accursed screaming (7)]
 39249 | Abyss:3  | HP: 7/170 [large abomination (9)]
 39250 | Abyss:3  | HP: 2/170 [large abomination (5)]
 39408 | Snake:4  | Escaped the Abyss
 39410 | Snake:4  | HP: 5/119 [burnt (2)]
 39865 | Snake:4  | Killed Louise
 41677 | Snake:4  | Got a serpentine rune of Zot
 41816 | Shoals:1 | Entered Level 1 of the Shoals
 41845 | Shoals:1 | Received a gift from Okawaru
 42066 | Shoals:1 | Found Syatiah's Gadget Boutique.
 42305 | Shoals:1 | Identified a +1 pair of boots of running (You acquired it
                  | on level 1 of the Shoals)
 43096 | Shoals:2 | Found Wadukag's Book Emporium.
 43261 | Shoals:2 | Found Guppooc's Book Shop.
 43261 | Shoals:2 | Found Pumial's Assorted Antiques.
 43467 | Shoals:2 | Received a gift from Okawaru
 44050 | Shoals:2 | Found Tuts's Armour Emporium.
 44947 | Shoals:3 | Found a flickering gateway to a bazaar.
 44959 | Bazaar   | Entered a bazaar
 44959 | Bazaar   | Found Toruf's General Store.
 44959 | Bazaar   | Found Cufeatat's General Store.
 44962 | Bazaar   | Bought a scroll of enchant armour for 90 gold pieces
 44979 | Bazaar   | Found Uheps's General Store.
 44979 | Bazaar   | Found Halipsamm's General Store.
 45001 | Bazaar   | Found Qeacuynn's General Store.
 45001 | Bazaar   | Found Futhuroam's General Store.
 45023 | Bazaar   | Found Zitott's General Store.
 45023 | Bazaar   | Found Feqirel's General Store.
 45034 | Bazaar   | Bought a scroll of enchant armour for 90 gold pieces
 45060 | Bazaar   | Bought a scroll of summoning for 180 gold pieces
 45068 | Bazaar   | Bought a scroll of enchant armour for 112 gold pieces
 45158 | Shoals:3 | Reached XP level 18. HP: 129/180 MP: 20/22
 45318 | Shoals:3 | HP: 9/180 [poisoned by a merfolk impaler]
 45323 | Shoals:3 | HP: 3/180 [poisoned by a merfolk impaler]
 45324 | Shoals:3 | Succumbed to a merfolk impaler's poison

Vault maps used:
D:1:      mrwooster_arrival_statue_3, minmay_misc_feat_x,
          roderic_serpentine_path
D:2:      cheibrodos_fertilizer, kennysheep_slug_shrine
D:3:      serial_bayou_crossing
D:4:      uniq_eustachio, uniq_robin, uniq_pikel
D:5:      minmay_temple_entry_hall, first_ration, guppyfry_shop_venom,
          uniq_sigmund, uniq_edmund, uniq_menkaure
D:6:      yredelemnul_altar_generic, cheibrodos_sewer_entry_bend,
          minmay_misc_feat_columns, makhleb_blood_cavern_becter, uniq_duvessa,
          uniq_prince_ribbit1, uniq_grinder
D:7:      serial_shops, nicolae_shop_crystal, basic_altar,
          nicolae_ashenzari_panopticon
D:8:      cheibrodos_steamvent, basic_altar, hangedman_ranch
D:9:      uniq_psyche
D:11:     lair_entry_dummy, hiddenorc1_lemuel, serial_shops,
          nicolae_shop_temple_entry_statues_fountains, shop, basic_altar
D:13:     uniq_erolcha, uniq_urug
D:14:     erik_vaults_1, enter_bailey_2, nicolae_tso_carved_into_rock
D:15:     grunt_enter_depths_giant_problem, minmay_misc_feat_cross, uniq_azrael
Temple:   compressed_dpeg_triangle_lava_temple
Lair:1:   basic_altar, wad_woods_river_01
Lair:2:   minmay_guarded_unrand_snakebite, minmay_snake_entry_six_corridors,
          minmay_lair_oklob_chamber, grunt_megastairs_2
Lair:3:   minmay_shoals_entry_centaurs, grunt_megastairs_1
Lair:4:   st_stairs_8, minivault_24, beast_lair_carwin_9, serial_bayou_shore_b
Lair:5:   nicolae_slime_entry_slimehenge, uniq_kirke
Lair:6:   due_jungle_book
Shoals:1: serial_shops, shop
Shoals:2: serial_shops, shop, shop, shop, shop
Shoals:3: serial_shops, bzr_in_the_mist, nicolae_shoals_wave_tunnel
Snake:1:  serial_shops, shop, grunt_ministairs_1, lemuel_fruit_tree, uniq_nikola
Snake:2:  gammafunk_ghost_necromancy
Snake:3:  basic_altar, spider_trap
Snake:4:  snake_hunt, st_stairs_9, grunt_ministairs_6, uniq_vashnia, uniq_louise
Orc:1:    minmay_goldmine, basic_altar, uniq_nergalle
Orc:2:    grunt_orc_tribal_feast, serial_shops, shop
Abyss:3:  due_exit_kobolds, evilmike_abyss_exit_mutagenic
Bazaar:   bazaar_minmay_mutagenic_fog
Sewer:    kennysheep_door_sewer

Skill      XL: |  1  2  3  4  5  6  7  8  9 10 11 12 13 14 15 16 17 |
---------------+----------------------------------------------------+-----
Axes           | 4 5 6 7 9 11 13 15 17 19 20 | 20.3
Fighting       | 3 4 6 8 10 11 13 14 15 16 18 19 20 | 20.5
Armour         | 1 6 8 11 13 15 17 18 | 18.1
Invocations    | 3 7 |  7.0
Dodging        | 7 9 |  9.9
Evocations     | 5 7 |  7.6
Throwing       | |  2.0

Action                   |  1- 3 |  4- 6 |  7- 9 | 10-12 | 13-15 | 16-18 || total
-------------------------+-------+-------+-------+-------+-------+-------++-------
Melee: War axe           |    43 |   155 |   230 |   535 |    45 |       ||  1008
       Headbutt          |     7 |    30 |    45 |   133 |   396 |   223 ||   834
       Punch             |       |       |     1 |     1 |     4 |       ||     6
       Morningstar       |       |       |       |    12 |    11 |       ||    23
       Battleaxe         |       |       |       |       |   448 |   561 ||  1009
       Whip              |       |       |       |       |   950 |       ||   950
       Executioner's axe |       |       |       |       |       |   282 ||   282
 Fire: Hunting sling     |       |       |       |    29 |    14 |       ||    43
Throw: Stone             |    96 |    72 |       |       |       |       ||   168
       Throwing net      |       |       |     6 |     4 |     1 |       ||    11
Invok: Heroism           |       |       |     2 |     8 |    14 |    15 ||    39
       Finesse           |       |       |       |       |     1 |     3 ||     4
Evoke: Wand              |       |       |       |     1 |     9 |     6 ||    16
       Lightning rod     |       |       |       |       |     4 |       ||     4
       Lamp of fire      |       |       |       |       |     1 |     1 ||     2
  Use: Scroll            |       |     4 |    10 |     8 |    12 |    14 ||    48
       Potion            |       |     1 |     1 |     2 |     7 |     6 ||    17
 Stab: Held in net/web   |       |       |     2 |     1 |       |       ||     3
       Distracted        |       |       |       |     1 |       |     1 ||     2
  Eat: Chunk             |       |     9 |    14 |    22 |    35 |    15 ||    95
       Ration            |       |       |     1 |     2 |     5 |     9 ||    17
Armor: Leather armour    |    16 |    15 |       |       |       |       ||    31
       Scale mail        |       |    36 |    53 |    17 |       |       ||   106
       Chain mail        |       |       |       |    26 |       |       ||    26
       Plate armour      |       |       |       |   162 |    22 |       ||   184
       Crystal plate arm |       |       |       |       |   846 |   640 ||  1486
Dodge: Dodged            |    36 |   120 |   103 |   189 |   342 |   343 ||  1133

Table legend:
 A = Non-vault XP
 B = Vault XP
 C = Vault XP percentage of total XP
 D = Non-vault monster count
 E = Vault monster count
 F = Vault count percentage of total count
                 A         B        C        D         E       F
            +---------+---------+-------+---------+---------+-------
      Total |  200775 |   92571 |  31.6 |     808 |     260 |  24.3
            +---------+---------+-------+---------+---------+-------
        D:1 |      47 |       0 |   0.0 |      22 |       0 |   0.0
        D:2 |     131 |     143 |  52.2 |      28 |      16 |  36.4
        D:3 |     188 |      20 |   9.6 |      35 |      10 |  22.2
        D:4 |     332 |     894 |  72.9 |      16 |       5 |  23.8
        D:5 |     381 |     577 |  60.2 |      20 |       4 |  16.7
        D:6 |     584 |     892 |  60.4 |      15 |       7 |  31.8
        D:7 |     610 |       0 |   0.0 |      15 |       0 |   0.0
        D:8 |    1062 |    2599 |  71.0 |      27 |      10 |  27.0
        D:9 |    2244 |     380 |  14.5 |      19 |       1 |   5.0
       D:10 |     409 |       0 |   0.0 |      10 |       0 |   0.0
       D:11 |    3659 |     262 |   6.7 |      28 |      17 |  37.8
       D:12 |    3883 |       0 |   0.0 |      38 |       0 |   0.0
       D:13 |   10040 |    1919 |  16.0 |      38 |       2 |   5.0
       D:14 |   13082 |    1950 |  13.0 |      42 |       3 |   6.7
       D:15 |   11313 |    3883 |  25.6 |      36 |       7 |  16.3
     Temple |      40 |     153 |  79.3 |       1 |       2 |  66.7
     Lair:1 |    3965 |    1044 |  20.8 |      17 |       4 |  19.0
     Lair:2 |    4820 |    4047 |  45.6 |      17 |      28 |  62.2
     Lair:3 |    2947 |     452 |  13.3 |      13 |       4 |  23.5
     Lair:4 |    3140 |    1390 |  30.7 |      14 |       7 |  33.3
     Lair:5 |    5109 |    2718 |  34.7 |      23 |      10 |  30.3
     Lair:6 |   19929 |    2838 |  12.5 |      38 |       5 |  11.6
   Shoals:1 |   12689 |       0 |   0.0 |      30 |       0 |   0.0
   Shoals:2 |   14518 |       0 |   0.0 |      26 |       0 |   0.0
   Shoals:3 |   13932 |       0 |   0.0 |      24 |       0 |   0.0
    Snake:1 |    8854 |    7539 |  46.0 |      19 |       6 |  24.0
    Snake:2 |   19984 |    3478 |  14.8 |      39 |      11 |  22.0
    Snake:3 |    9374 |       0 |   0.0 |      13 |       0 |   0.0
    Snake:4 |   16187 |   46378 |  74.1 |      32 |      52 |  61.9
      Orc:1 |    3295 |    1303 |  28.3 |      34 |      12 |  26.1
      Orc:2 |    2922 |    6820 |  70.0 |      43 |      29 |  40.3
    Abyss:3 |   11105 |     747 |   6.3 |      36 |       2 |   5.3
      Sewer |       0 |     145 | 100.0 |       0 |       6 | 100.0
            +---------+---------+-------+---------+---------+-------
